PAAA
BAKERSFIELD NOBLES @ BALTIMORE BLACK SOX
07/21/2033
 
TOP OF THE 1ST
Bakersfield Nobles batting - Pitching for Baltimore Black Sox : RHP Kelemeneke Balun
Pitching: RHP Kelemeneke Balun
Batting: RHB Ed Adams 0-0: Called Strike
0-1: Ball
1-1: Ball
2-1: Ball
3-1: Foul Ball, location: 2F
3-2: Foul Ball, location: 2F
3-2: Fly out, F3 (Line Drive, 34)
Batting: RHB Juan Tellado 0-0: Ball
1-0: Called Strike
1-1: Ball
2-1: Swinging Strike
2-2: Strikes out swinging
Batting: SHB Edward Sterrenburg 0-0: Ball
1-0: Ball
2-0: Foul Ball, location: 2F
2-1: Swinging Strike
2-2: Ball
3-2: Base on Balls
Batting: RHB Terry Armstrong 0-0: Ball
1-0: Foul Ball, location: 2F
1-1: Ball
2-1: SINGLE (Line Drive, 89M)
Edward Sterrenburg to second
Batting: RHB Pedro Hernández 0-0: Called Strike
0-1: Ball
1-1: Swinging Strike
1-2: Ball
2-2: Foul Ball, location: 2F
2-2: Foul Ball, location: 2F
2-2: Fielders Choice at 2nd, U6 (Groundball, 6M)
Top of the 1st over - 0 runs, 1 hit, 0 errors, 2 left on base; Bakersfield 0 - Baltimore 0
BOTTOM OF THE 1ST
Baltimore Black Sox batting - Pitching for Bakersfield Nobles : RHP Natalino Golaio
Pitching: RHP Natalino Golaio
Batting: RHB Fernando Martínez 0-0: Ball
1-0: Ball
2-0: Called Strike
2-1: Ground out 5-3 (Groundball, 56)
Batting: LHB Tomás Valenzuela 0-0: Called Strike
0-1: Foul Ball, location: 2F
0-2: Strikes out swinging
Batting: RHB Daniel Bertrand 0-0: Ball
1-0: Ground out 4-3 (Groundball, 4)
Bottom of the 1st over - 0 runs, 0 hits, 0 errors, 0 left on base; Bakersfield 0 - Baltimore 0
TOP OF THE 2ND
Bakersfield Nobles batting - Pitching for Baltimore Black Sox : RHP Kelemeneke Balun
Batting: RHB Gerardo Castillo 0-0: Foul Ball, location: 2F
0-1: Foul Ball, location: 2F
0-2: Ball
1-2: Foul Ball, location: 2F
1-2: SINGLE (Groundball, 3D)
Batting: RHB António Padilla 0-0: Fly out, F8 (Flyball, 8RS)
Batting: LHB Melvin Castro 0-0: Ball
1-0: Fly out, F4 (Popup, 4M)
Batting: RHB Yu-shu Kang Balk!
Gerardo Castillo to second
0-0: Called Strike
0-1: Ground out 5-3 (Groundball, 56S)
Top of the 2nd over - 0 runs, 1 hit, 0 errors, 1 left on base; Bakersfield 0 - Baltimore 0
BOTTOM OF THE 2ND
Baltimore Black Sox batting - Pitching for Bakersfield Nobles : RHP Natalino Golaio
Batting: LHB Sergio Rodríguez 0-0: Swinging Strike
0-1: Called Strike
0-2: Foul Ball, location: 2F
0-2: Strikes out swinging
Batting: RHB Berihun Tukufu 0-0: Called Strike
0-1: Ball
1-1: Ball
2-1: Fly out, F9 (Line Drive, 9LD)
Batting: RHB Raúl Cicerón 0-0: Foul Ball, location: 2F
0-1: Foul Ball, location: 2F
0-2: SINGLE (Line Drive, 4MD)
Batting: RHB Jeb Sexton 0-0: Swinging Strike
0-1: Ball
1-1: Foul Ball, location: 2F
1-2: Foul Ball, location: 2F
1-2: Foul Ball, location: 2F
1-2: Ball
2-2: Ball
3-2: SINGLE (Line Drive, 89S)
Raúl Cicerón to second
Raúl Cicerón to third
Batting: RHB Lee Storment 0-0: Ball
Jeb Sexton steals 2nd base
1-0: Called Strike
1-1: DOUBLE (Line Drive, 89D)
Raúl Cicerón scores
Jeb Sexton scores
Batting: SHB Alex Mable 0-0: Ball
1-0: Ball
2-0: Ball
3-0: Base on Balls
Batting: RHB Fernando Martínez 0-0: Swinging Strike
0-1: Ball
1-1: SINGLE (Groundball, 56S) (infield hit)
Lee Storment to third
Alex Mable to second
Batting: LHB Tomás Valenzuela 0-0: Ball
1-0: Called Strike
1-1: Ball
2-1: Foul Ball, location: 2F
2-2: Foul Ball, location: 2F
2-2: Ball
Wild Pitch!
Lee Storment scores
Alex Mable to third
Fernando Martínez to second
3-2: Base on Balls
Batting: RHB Daniel Bertrand 0-0: Called Strike
0-1: Called Strike
0-2: Ball
1-2: Strikes out swinging
Bottom of the 2nd over - 3 runs, 4 hits, 0 errors, 3 left on base; Bakersfield 0 - Baltimore 3
TOP OF THE 3RD
Bakersfield Nobles batting - Pitching for Baltimore Black Sox : RHP Kelemeneke Balun
Batting: RHB Ed Adams 0-0: Ball
1-0: SINGLE (Line Drive, 7S)
Batting: RHB Juan Tellado 0-0: Swinging Strike
0-1: Reached on error, E5 (Groundball, 56)
Ed Adams to second
Batting: SHB Edward Sterrenburg 0-0: Swinging Strike
0-1: Ball
1-1: Foul Ball, location: 2F
1-2: Fly out, F8 (Flyball, 8LM)
Batting: RHB Terry Armstrong 0-0: Ball
1-0: Swinging Strike
1-1: Called Strike
1-2: Fly out, F8 (Flyball, 89M)
Batting: RHB Pedro Hernández 0-0: Foul Ball, location: 2F
0-1: Ball
1-1: Fielders Choice at 2nd, 6-4 (Groundball, 6)
Top of the 3rd over - 0 runs, 1 hit, 1 error, 2 left on base; Bakersfield 0 - Baltimore 3
BOTTOM OF THE 3RD
Baltimore Black Sox batting - Pitching for Bakersfield Nobles : RHP Natalino Golaio
Batting: LHB Sergio Rodríguez 0-0: Ball
1-0: Ground out U3 (Groundball, 34)
Batting: RHB Berihun Tukufu 0-0: Ball
1-0: Ball
2-0: Called Strike
2-1: DOUBLE (Line Drive, 7LM)
Batting: RHB Raúl Cicerón 0-0: Called Strike
0-1: Ball
1-1: Ball
2-1: SINGLE (Groundball, 4M) (infield hit)
Berihun Tukufu to third
Batting: RHB Jeb Sexton 0-0: Ball
1-0: Fly out, F8 (Line Drive, 8LS)
Runner from 3rd tags up, SCORES, no throw
Batting: RHB Lee Storment 0-0: Ball
1-0: Ball
2-0: Called Strike
2-1: Ground out 1-3 (Groundball, P)
Bottom of the 3rd over - 1 run, 2 hits, 0 errors, 1 left on base; Bakersfield 0 - Baltimore 4
TOP OF THE 4TH
Bakersfield Nobles batting - Pitching for Baltimore Black Sox : RHP Kelemeneke Balun
Batting: RHB Gerardo Castillo 0-0: Ball
1-0: Foul Ball, location: 2F
1-1: Called Strike
1-2: Fly out, F9 (Flyball, 9LSF)
Batting: RHB António Padilla 0-0: Foul Ball, location: 2F
0-1: Foul Ball, location: 2F
0-2: Foul Ball, location: 2F
0-2: Ball
1-2: Ball
2-2: Ball
3-2: Ground out 6-3 (Groundball, 6M)
Batting: LHB Melvin Castro 0-0: Called Strike
0-1: Swinging Strike
0-2: Ball
1-2: Ball
2-2: Ball
3-2: Fly out, F9 (Line Drive, 9)
Top of the 4th over - 0 runs, 0 hits, 0 errors, 0 left on base; Bakersfield 0 - Baltimore 4
BOTTOM OF THE 4TH
Baltimore Black Sox batting - Pitching for Bakersfield Nobles : RHP Natalino Golaio
Batting: SHB Alex Mable 0-0: Ball
1-0: SINGLE (Line Drive, 7S)
Batting: RHB Fernando Martínez 0-0: Swinging Strike
0-1: Ball
1-1: Foul Ball, location: 2F
1-2: Fielders Choice at 2nd, 6-4 (Groundball, 56)
Batting: LHB Tomás Valenzuela 0-0: Called Strike
0-1: Ball
1-1: Ball
2-1: Called Strike
2-2: Ball
Fernando Martínez steals 2nd base
3-2: Base on Balls
Batting: RHB Daniel Bertrand 0-0: Ball
1-0: Called Strike
1-1: Swinging Strike
1-2: Strikes out swinging
Pitching: RHP John Kaufman
Batting: LHB Sergio Rodríguez 0-0: Ball
1-0: Ball
2-0: Called Strike
2-1: Fly out, F4 (Popup, 4)
Bottom of the 4th over - 0 runs, 1 hit, 0 errors, 2 left on base; Bakersfield 0 - Baltimore 4
TOP OF THE 5TH
Bakersfield Nobles batting - Pitching for Baltimore Black Sox : RHP Kelemeneke Balun
Batting: RHB Yu-shu Kang 0-0: Ball
1-0: Called Strike
1-1: Fly out, F6 (Popup, 6D)
Batting: RHB Ed Adams 0-0: Fly out, F6 (Line Drive, 56)
Batting: RHB Juan Tellado 0-0: Fly out, F7 (Flyball, 7LSF)
Top of the 5th over - 0 runs, 0 hits, 0 errors, 0 left on base; Bakersfield 0 - Baltimore 4
BOTTOM OF THE 5TH
Baltimore Black Sox batting - Pitching for Bakersfield Nobles : RHP John Kaufman
Batting: RHB Berihun Tukufu 0-0: Fly out, F8 (Flyball, 8RS)
Batting: RHB Raúl Cicerón 0-0: Ball
1-0: Ball
2-0: Ball
3-0: Base on Balls
Batting: RHB Jeb Sexton 0-0: Ball
1-0: Called Strike
1-1: Fly out, F8 (Flyball, 8LD)
Batting: RHB Lee Storment 0-0: Ball
1-0: SINGLE (Line Drive, 89M)
Raúl Cicerón to second
Throwing error, E9
Raúl Cicerón scores
Lee Storment to second
Batting: SHB Alex Mable 0-0: Ball
1-0: Called Strike
1-1: Ball
2-1: Fly out, F3 (Line Drive, 34)
Bottom of the 5th over - 1 run, 1 hit, 1 error, 1 left on base; Bakersfield 0 - Baltimore 5
TOP OF THE 6TH
Bakersfield Nobles batting - Pitching for Baltimore Black Sox : RHP Kelemeneke Balun
Batting: SHB Edward Sterrenburg 0-0: Called Strike
0-1: Ball
1-1: Ball
2-1: Called Strike
2-2: Fly out, F8 (Flyball, 8LS)
Batting: RHB Terry Armstrong 0-0: Ball
1-0: Swinging Strike
1-1: Foul Ball, location: 2F
1-2: Foul Ball, location: 2F
1-2: Ball
2-2: Foul Ball, location: 2F
2-2: Ball
3-2: Ground out 6-3 (Groundball, 6)
Batting: RHB Pedro Hernández 0-0: Ball
1-0: Ground out 6-3 (Groundball, 6M)
Top of the 6th over - 0 runs, 0 hits, 0 errors, 0 left on base; Bakersfield 0 - Baltimore 5
BOTTOM OF THE 6TH
Baltimore Black Sox batting - Pitching for Bakersfield Nobles : RHP John Kaufman
Batting: RHB Fernando Martínez 0-0: Ground out 5-3 (Groundball, 56S)
Batting: LHB Tomás Valenzuela 0-0: Ball
1-0: Ball
2-0: Ball
3-0: Called Strike
3-1: Fly out, F9 (Flyball, 9LSF)
Batting: RHB Daniel Bertrand 0-0: Ground out 6-3 (Groundball, 6)
Bottom of the 6th over - 0 runs, 0 hits, 0 errors, 0 left on base; Bakersfield 0 - Baltimore 5
TOP OF THE 7TH
Bakersfield Nobles batting - Pitching for Baltimore Black Sox : RHP Kelemeneke Balun
Batting: RHB Gerardo Castillo 0-0: Ball
1-0: Ball
2-0: Ball
3-0: Base on Balls
Batting: RHB António Padilla 0-0: Ball
1-0: Called Strike
1-1: Swinging Strike
1-2: Ball
2-2: Foul Ball, location: 2F
2-2: Grounds into double play, 6-4-3 (Groundball, 6)
Batting: LHB Melvin Castro 0-0: Called Strike
0-1: Ball
1-1: Swinging Strike
1-2: Strikes out swinging
Top of the 7th over - 0 runs, 0 hits, 0 errors, 0 left on base; Bakersfield 0 - Baltimore 5
BOTTOM OF THE 7TH
Baltimore Black Sox batting - Pitching for Bakersfield Nobles : RHP John Kaufman
Batting: LHB Sergio Rodríguez 0-0: Fly out, F8 (Flyball, 8RXD)
Batting: RHB Berihun Tukufu 0-0: Ball
1-0: SOLO HOME RUN (Line Drive, 7D), Distance : 376 ft
Batting: RHB Raúl Cicerón 0-0: Called Strike
0-1: Foul Ball, location: 2F
0-2: Ball
1-2: Strikes out looking
Batting: RHB Jeb Sexton 0-0: Ball
1-0: Ball
2-0: Called Strike
2-1: Ball
3-1: Ground out 4-3 (Groundball, 4)
Bottom of the 7th over - 1 run, 1 hit, 0 errors, 0 left on base; Bakersfield 0 - Baltimore 6
TOP OF THE 8TH
Bakersfield Nobles batting - Pitching for Baltimore Black Sox : RHP Kelemeneke Balun
Batting: RHB Yu-shu Kang 0-0: Ball
1-0: Ball
2-0: Foul Ball, location: 2F
2-1: Ball
3-1: Ground out 6-3 (Groundball, 6D)
Batting: RHB Ed Adams 0-0: Ball
1-0: SINGLE (Line Drive, 56D)
Batting: RHB Juan Tellado 0-0: Called Strike
0-1: Fly out, F7 (Flyball, 7S)
Batting: SHB Edward Sterrenburg 0-0: Foul Ball, location: 2F
0-1: Ball
Pickoff Throw to First - Error! E1
Ed Adams to second
1-1: Called Strike
1-2: Strikes out swinging
Top of the 8th over - 0 runs, 1 hit, 1 error, 1 left on base; Bakersfield 0 - Baltimore 6
BOTTOM OF THE 8TH
Baltimore Black Sox batting - Pitching for Bakersfield Nobles : RHP John Kaufman
Batting: RHB Lee Storment 0-0: Called Strike
0-1: Foul Ball, location: 2F
0-2: Ball
1-2: Strikes out swinging
Batting: SHB Alex Mable 0-0: Ball
1-0: Ball
2-0: Called Strike
2-1: SOLO HOME RUN (Flyball, 89XD), Distance : 406 ft
Batting: RHB Fernando Martínez 0-0: Ball
1-0: Called Strike
1-1: Foul Ball, location: 2F
1-2: Ball
2-2: Ball
3-2: Foul Ball, location: 2F
3-2: Ground out 1-3 (Groundball, 15S)
Batting: LHB Tomás Valenzuela 0-0: SINGLE (Groundball, 3D)
Batting: RHB Daniel Bertrand 0-0: Called Strike
Tomás Valenzuela steals 2nd base
0-1: Ball
1-1: Ground out 5-3 (Groundball, 5L)
Bottom of the 8th over - 1 run, 2 hits, 0 errors, 1 left on base; Bakersfield 0 - Baltimore 7
TOP OF THE 9TH
Bakersfield Nobles batting - Pitching for Baltimore Black Sox : RHP Kelemeneke Balun
Batting: RHB Terry Armstrong 0-0: Ball
1-0: Ball
2-0: Ball
3-0: Base on Balls
Batting: RHB Pedro Hernández 0-0: Ball
1-0: Fielders Choice at 2nd, 3-6 (Groundball, 34)
Batting: RHB Gerardo Castillo 0-0: Ball
1-0: Ball
2-0: Ball
3-0: Base on Balls
Pedro Hernández to second
Batting: RHB António Padilla 0-0: Called Strike
0-1: Ball
1-1: Foul Ball, location: 2F
1-2: SINGLE (Line Drive, 56D)
Pedro Hernández to third
Gerardo Castillo to second
Batting: LHB Melvin Castro 0-0: Ball
1-0: Ball
2-0: Foul Ball, location: 2F
2-1: Fielders Choice at 2nd, 3-6 (Groundball, 34)
Pedro Hernández scores
Gerardo Castillo to third
Pitching: RHP Alberto Mendoza
Batting: RHB Yu-shu Kang 0-0: Called Strike
0-1: Ball
1-1: Ball
2-1: Foul Ball, location: 2F
2-2: Ball
3-2: Foul Ball, location: 2F
3-2: Foul Ball, location: 2F
3-2: Strikes out looking
Top of the 9th over - 1 run, 1 hit, 0 errors, 2 left on base; Bakersfield 1 - Baltimore 7
Saturday, December 22nd, 2018 - OOTP Baseball 18.8 Build 76